Workbook
Name Aniversarios: '[1]Feriados y fechas importantes'!$E$7:$E$49
Name Feriados: '[1]Feriados y fechas importantes'!$B$7:$B$49

Sheet - AYUDA -
B3: Ayuda

Sheet Hora máquina
B4: Costo por hora máquina
B5: Ingrese en la columna G la información requerida
B6: REFERENCIA | C6: DESCRIPCIÓN | G6: VALOR
B7: Vm | C7: Valor de la máquina o equipo considerado como nuevo | G7: 500000
B8: Vr | C8: Valor de rescate de la máquina o equipo | G8: 55000
B9: Ve | C9: Vida económica (horas efectivas de trabajo) | G9: 9000
B10: Hea | C10: Número de horas efectivas de trabajo durante el año | G10: 1500
B11: i | C11: Tasa de interés anual | G11: 0.15
B12: s | C12: Prima anual promedio de seguros | G12: 0.04
B13: Ko | C13: Coeficiente por mantenimiento tanto mayor como menor | G13: 0.88
B15: Tipo de combustible | G15: Gas Licuado
B16: HP | C16: Caballos de fuerza | G16: 240
B17: Fo | C17: Factor de operación de la maquinaría o equipo | G17: 0.75
B18: Ce | C18: Coeficiente de combustible determinado por la experiencia | G18: 0.2
B19: Gh=Hp*Fo*Ce | C19: Cantidad de combustible utilizado por hora efectiva de trabajo. (lts) | G19: =G18*G17*G16 -> 36
B20: Pc= | C20: Precio del combustible (por litro) | G20: 3.76
B21: CC | C21: Capacidad del cárter lts | G21: 17
B22: Tc | C22: Tiempo para el cambio de aceite “Tc” (horas) | G22: 150
B23: Ca | C23: Coeficiente experimental para lubricante consumido por hora (lts) | G23: 0.0035
B24: Ah=Ca*HP*Fo | C24: Cantidad de aceites lubricantes consumidos por hora efectiva de trabajo | G24: =G23*G16*G17 -> 0.63
B25: Ga=CC/Tc | C25: Consumo entre cambios sucesivos de lubricantes | G25: =IFERROR(G21/G22,0) -> 0.11333333
B26: Pa | C26: Costo de los aceites lubricantes (por litro) | G26: 22
B27: Pn | C27: Valor de las neumáticos o llantas | G27: 15000
B28: Vn | C28: Horas de vida económica de las llantas | G28: 2000
B29: Va | C29: Horas de vida económica de las piezas especiales | G29: 2500
B30: Pa | C30: Valor de las piezas especiales | G30: 5900
B31: Sr | C31: Salario real del personal necesario para operar la máquina o equipo | G31: 321.22
B32: Ht | C32: Horas efectivas de trabajo de la maquinaria dentro del turno | G32: 8
B33: Kh | C33: Coeficiente en función del tipo de trabajo y de la herramienta requerida | G33: 0.1
B34: Mo | C34: Costo unitario por concepto de mano de obra | G34: 5
B35: Ks | C35: Coeficiente por tipo de trabajo y equipo requerido para la seguridad | G35: 0.02

Sheet Cálculo del Costo por hora
E6: COSTO HORARIO: CFI+CCO+COP | F6: =F18+F25+F31 -> 329.95139
B8: COSTOS FIJOS
F9: OPERACIÓN
B10: Costos | C10: Fórmula | F10: Costos horarios
B11: Costo por Depreciación | C11: D = | D11: Vm – Vr | E11: ='Hora máquina'!$G$7-'Hora máquina'!$G$8 -> 445000 | F11: =IFERROR(E11/E12,0) -> 49.444444
D12: Ve | E12: ='Hora máquina'!$G$9 -> 9000
B13: Costo por Inversión | C13: lm = | D13: (Vm + Vr)*i | E13: =('Hora máquina'!G7+'Hora máquina'!G8)*'Hora máquina'!G11 -> 83250 | F13: =IFERROR(E13/E14,0) -> 27.75
D14: 2Hea | E14: =2*'Hora máquina'!G10 -> 3000
B15: Costo por Seguros | C15: Sm = | D15: (Vm +Vr)*s | E15: =('Hora máquina'!G7+'Hora máquina'!G8)*'Hora máquina'!G12 -> 22200 | F15: =IFERROR(E15/E16,0) -> 7.4
D16: 2Hea | E16: =2*'Hora máquina'!G10 -> 3000
B17: Costo por Mantenimiento | C17: Mn = | D17: Ko*D | E17: ='Hora máquina'!G13*F11 -> 43.511111 | F17: =E17 -> 43.511111
B18: SUMA DE COSTOS FIJOS -CFI- | F18: =SUM(F11:F17) -> 128.10556
B20: COSTOS POR CONSUMO
B21: Costo por Combustibles | C21: Co = | D21: Gh * Pc | E21: ='Hora máquina'!G19*'Hora máquina'!G20 -> 135.36 | F21: =E21 -> 135.36
B22: Costo por lubricantes | C22: Lb = | D22: ( Ah + Ga ) *Pa | E22: =('Hora máquina'!G24+'Hora máquina'!G25)*'Hora máquina'!G26 -> 16.353333 | F22: =E22 -> 16.353333
B23: Costo por llantas | C23: N = | D23: Pn/Vn | E23: =IFERROR('Hora máquina'!G27/'Hora máquina'!G28,0) -> 7.5 | F23: =E23 -> 7.5
B24: Costo por piezas especiales | C24: Ae = | D24: Pa/Va | E24: =IFERROR('Hora máquina'!G30/'Hora máquina'!G29,0) -> 2.36 | F24: =E24 -> 2.36
B25: SUMA DE COSTOS POR CONSUMO -CCO- | F25: =SUM(F21:F24) -> 161.57333
B27: COSTOS POR OPERACIÓN
B28: Costo por salarios de operación | C28: Po = | D28: Sr/Ht | E28: =IFERROR('Hora máquina'!G31/'Hora máquina'!G32,0) -> 40.1525 | F28: =E28 -> 40.1525
B29: Costo por herramienta de mano | C29: Hm = | D29: Kh*Mo | E29: =IFERROR('Hora máquina'!G33/'Hora máquina'!G34,0) -> 0.02 | F29: =E29 -> 0.02
B30: Costo directo por equipo de seguridad | C30: Es = | D30: Ks*Mo | E30: =IFERROR('Hora máquina'!G35*'Hora máquina'!G34,0) -> 0.1 | F30: =E30 -> 0.1
B31: SUMA DE COSTOS POR OPERACIÓN - COP- | F31: =SUM(F28:F30) -> 40.2725
